 Dungeon Crawl Stone Soup version 0.26-a0-474-gfaca0e1de5 (webtiles) character file.

Game seed: 16686191000699037146

45 Infinimo the Poker (level 3, -5/28 HPs)
             Began as a Merfolk Gladiator on July 30, 2020.
             Killed from afar by Natasha (7 damage)
             ... with a magic dart
             ... on level 2 of the Dungeon.
             The game lasted 00:01:23 (1272 turns).

Infinimo the Poker (Merfolk Gladiator)              Turns: 1272, Time: 00:01:24

Health: -5/28      AC:  4    Str: 14    XL:     3   Next: 64%
Magic:  3/3        EV: 14    Int:  7    God:
Gold:   21         SH:  0    Dex: 16    Spells: 2/2 levels left

rFire    . . .     SeeInvis .   a - +0 trident
rCold    . . .     Faith    .   (no shield)
rNeg     . . .     Spirit   .   b - +0 leather armour
rPois    .         Reflect  .   c - +0 helmet
rElec    .         Harm     .   (no cloak)
rCorr    .                      (no gloves)
MR       .....                  (no boots)
Stlth    +.........             (no amulet)
HPRegen  0.09/turn              (no ring)
MPRegen  0.08/turn              (no ring)

@: brilliant, flying, slowed, very slow
A: change form in water, swift swim, stealthy swim
a: no special abilities


You were on level 2 of the Dungeon.
You visited 1 branch of the dungeon, and saw 2 of its levels.

You collected 21 gold pieces.

Inventory:

Hand Weapons
 a - a +0 trident (weapon)
Missiles
 d - 3 throwing nets (quivered)
Armour
 b - a +0 leather armour (worn)
 c - a +0 helmet (worn)
Jewellery
 k - an uncursed amulet of the acrobat {unknown}


   Skills:
 + Level 2.8 Fighting
 * Level 5.6 Polearms
 - Level 2.0 Throwing
 + Level 4.6 Dodging


You had 2 spell levels left.
You didn't know any spells.
Your spell library was empty.

Dungeon Overview and Level Annotations

Branches:
Dungeon (2/15)

Altars:

Annotations:
D:2 Natasha, Terence


Message History

You feel forgetful for a moment. Terence hits you with a +0 flail.
Natasha claws you! Terence hits you with a +0 flail.
It was a potion of curing.
You feel better. Natasha misses you. Terence hits you with a +0 flail.
Natasha closely misses you.
It was a potion of brilliance.
You feel clever all of a sudden. Terence hits you with a +0 flail.
Natasha casts a spell at you. The magic dart hits you.
* * * LOW HITPOINT WARNING * * *
Terence misses you.
It was a potion of flight.
You feel very buoyant.
You fly up into the air.
Natasha casts a spell at you. The magic dart hits you.
* * * LOW HITPOINT WARNING * * *
Natasha casts a spell at you. The magic dart hits you!
You die...

,* #........# ,* #..##.####
,* ##.##.# ,* #..#.# **
##§#.# #...# ##########5§#
#......# #@h#
#......###@§######**
#.......§§§§§.....,********
##.######§§§§.....,,,,,,,,,
#.##......§§.....,,,,,,,,,
#.##.......######,,,,,,,,,
#.##.......# *,,,,,,,,,
#.##.......# *,,,,,,,,,
#.##.......# *,,,,,,,,,
#.##.......# *,,,,,,,,,


You could see Terence (fast), Natasha and a crimson imp (summoned).

Vanquished Creatures
  An adder (D:2)
  An ooze (D:1)
  A worm (D:2)
  A dart slug (D:1)
  2 leopard geckos (D:1)
  3 bats (D:1)
  2 giant cockroaches (D:1)
  4 goblins (D:1)
  5 hobgoblins (D:1)
  2 frilled lizards
  A rat (D:1)
23 creatures vanquished.

Notes
Turn   | Place    | Note
-------+----------+-------------------------------------------
     0 | D:1      | Infinimo the Merfolk Gladiator began the quest for the Orb.
     0 | D:1      | Reached XP level 1. HP: 16/16 MP: 1/1
   106 | D:1      | Reached XP level 2. HP: 17/23 MP: 2/2
   312 | D:1      | Reached skill level 5 in Polearms
   450 | D:1      | Reached XP level 3. HP: 28/28 MP: 3/3
  1245 | D:2      | Noticed Terence
  1246 | D:2      | Noticed Natasha
  1272 | D:2      | Killed from afar by Natasha

Illustrated notes

Levels and vault maps discovered:
D:1:      dpeg_arrival_tiny_a, layout_basic
D:2:      layout_basic, chequers_serial_rivers_micro_b, grunt_decor_cap,
          minmay_strange_pillars, minmay_misc_feat_x, uniq_natasha, uniq_terence

Skill      XL: |  1  2 |
---------------+-------+-----
Polearms       | 5 |  5.6
Fighting       | |  2.8
Throwing       | |  2.0
Dodging        | |  4.6

Action                   || total
-------------------------++-------
Melee: Trident           ||    81
  Use: Scroll            ||     3
       Potion            ||     3
 Stab: Sleeping          ||     1
Armor: Leather armour    ||    21
Dodge: Dodged            ||    62

Table legend: (Time is in decaauts)
 A = Elapsed time spent in this place.
 B = Non-inter-level travel time spent in this place.
 C = Inter-level travel time spent in this place.
 D = Time resting spent in this place.
 E = Time spent auto-exploring this place.
 F = Levels seen in this place.
 G = Mean time per level.
                   A        B        C        D        E       F      G
               +--------+--------+--------+--------+--------+-----+--------+
         Total |   1277 |   1271 |      6 |      0 |   1110 |   2 |  638.5 |
       Dungeon |   1277 |   1271 |      6 |      0 |   1110 |   2 |  638.5 |
               +--------+--------+--------+--------+--------+-----+--------+

Top non-repeatable levels by time:
     D:1: 896 daAuts
     D:2: 380 daAuts
